 Dungeon Crawl Stone Soup version 0.32-a0-132-g2d33c3cfaf (webtiles) character file.

Game seed: 13486215757680739195

2621 BubbleThief the Cleaver (level 9, -1/85 HPs)
             Began as a Hill Orc Fighter on Feb 9, 2024.
             Was a Believer of Makhleb.
             Shot with an arrow by an orc warrior (15 damage)
             ... on level 7 of the Dungeon.
             The game lasted 00:06:53 (5026 turns).

BubbleThief the Cleaver (Hill Orc Fighter)          Turns: 5026, Time: 00:06:53

Health: -1/85      AC:  8    Str: 23    XL:     9   Next: 60%
Magic:  9/9        EV:  9    Int:  8    God:    Makhleb [**....]
Gold:   357        SH:  4    Dex: 10    Spells: 8/8 levels left

rFire   + + .        z - +2 hand axe (holy)
rCold   + . .        c - +0 buckler
rNeg    . . .        b - +0 scale mail
rPois   .            t - +0 helmet
rElec   .            x - scarf {rC+ rF+}
rCorr   .            (no gloves)
SInv    .            (no boots)
Will    .....        (no amulet) Stlth
                     m - +4 ring of slaying
HPRegen 0.34/turn    w - ring of protection from fire
MPRegen 0.11/turn

%: no passive effects
@: no status effects
A: no striking features
a: Renounce Religion, Minor Destruction


You were on level 7 of the Dungeon.
You worshipped Makhleb.
Makhleb was pleased with you.
You visited 2 branches of the dungeon, and saw 8 of its levels.
You also visited: Sewer.

You collected 357 gold pieces.

Inventory:

Hand Weapons
 a - a +0 war axe
 z - a +2 hand axe of holy wrath (weapon)
Missiles
 q - a curare-tipped dart (quivered)
Armour
 b - a +0 scale mail (worn)
 c - a +0 buckler (worn)
 t - a +0 helmet (worn)
 v - a +0 cloak
 x - a scarf of resistance (worn)
Jewellery
 m - a +4 ring of slaying (left hand)
 w - a ring of protection from fire (right hand)
Wands
 C - a wand of mindburst (15)
Scrolls
 f - 3 scrolls of enchant armour {unknown}
 g - 2 scrolls of fog {unknown}
 i - a scroll of noise {unknown}
 j - a scroll of blinking {unknown}
 k - a scroll of silence {unknown}
 l - 4 scrolls of teleportation {unknown}
 r - 4 scrolls of identify {unknown}
 s - 4 scrolls of fear {unknown}
 y - a scroll of poison {unknown}
 B - a scroll of brand weapon {unknown}
Potions
 d - a potion of might
 e - 3 potions of curing
 h - 3 potions of enlightenment {unknown}
 n - a potion of attraction {unknown}
 o - a potion of degeneration {unknown}
 p - 4 potions of heal wounds {unknown}
 u - a potion of berserk rage {unknown}
 A - a potion of magic {unknown}


   Skills:
 + Level 9.6 Fighting
 * Level 13.6 Axes
 - Level 3.2 Armour
 - Level 3.2 Shields


You had 8 spell levels left.
You didn't know any spells.
Your spell library contained the following spells:

 Spells                   Type           Power      Damage    Failure   Level
 Apportation              Tloc           0%         N/A       78%         1
 Necrotise                Necr           0%         1d4       78%         1
 Sting                    Conj/Alch      0%         1d3       78%         1
 Summon Small Mammal      Summ           0%         N/A       78%         1
 Inner Flame              Hex/Fire       0%         N/A       98%         3
 Anguish                  Hex/Necr       0%         N/A       100%        4
 Cause Fear               Hex            0%         N/A       100%        4
 Flame Wave               Conj/Fire      0%         2d4       100%        4
 Sticky Flame             Fire/Alch      0%         2d4       100%        4
 Enfeeble                 Hex            0%         N/A       100%        7


Dungeon Overview and Level Annotations

Branches:
Dungeon (7/15)             Temple (1/1) D:4           Sewer (visited)

Altars:
Ashenzari
Cheibriados
Dithmenos
Elyvilon
Hepliaklqana
Makhleb
Nemelex Xobeh
Qazlal
Ru
Sif Muna
Trog
Uskayaw
Vehumet
Xom
Yredelemnul
Zin
The Shining One

Shops:
D:6 (


Message History

An orc comes into view. It is wielding a +0 club.
The orc wizard casts a spell.
The orc wizard flickers and vanishes!
Deactivating autopickup; reactivate with Ctrl-A.
Unknown command.
You slash the ogre!
You kill the ogre!
Makhleb accepts your kill.
You feel better.
You hit the orc.
Unknown command.
Unknown command.
You hit the orc.
You kill the orc!
Makhleb accepts your kill.
Unknown command.
Something tries to affect you, but you resist.
The orc warrior shoots an arrow.
The arrow hits you.
* * * LOW HITPOINT WARNING * * *
Things that are here:
6 gold pieces; a +0 short sword It was a potion of curing.
You feel better.
You start resting.
An orc warrior is nearby!
Throw: 3 darts (curare)
Press: ? - help, Q - select action, (/) - cycle Shift-Dir - straight line, f - orc warrior
Aim: an orc warrior, wielding a +0 orcbow and wearing a +0 plate armour (63% to hit)
You throw a curare-tipped dart.
The curare-tipped dart closely misses the orc warrior.
The orc warrior shoots an arrow.
The arrow hits you.
* * * LOW HITPOINT WARNING * * *
Throw: 2 darts (curare)
Press: ? - help, Q - select action, (/) - cycle Shift-Dir - straight line, f/p - orc warrior
Aim: an orc warrior, wielding a +0 orcbow and wearing a +0 plate armour (63% to hit)
You throw a curare-tipped dart.
The curare-tipped dart hits the orc warrior.
The orc warrior is poisoned.
The orc warrior struggles to breathe.
The orc warrior seems to slow down.
The orc warrior is moderately wounded.
The orc warrior shoots an arrow.
The arrow hits you!
You die...

#...#
.#.........
#...#
..#...####.
#...# ..#####
#. ##.## ..# ##
##.### ...
#....#
#....###.#.#
#...........
#.@..###.#..
#.##o###.#..
#.o#.!.....#
#.#.))).....#
#(...........
#............
#....o.......
....o.........
...............


You could see an orc warrior (very poisoned, slow) and an orc.

Vanquished Creatures
  Eustachio (D:6)
  A steam dragon (D:4)
  A water moccasin (D:6)
  Pargi (Sewer)
  4 black bears
  An orc warrior (D:5)
  A sky beast (D:6)
  4 ogres
  A centaur (D:6)
  A kobold brigand (D:6)
  A bullfrog (D:6)
  A brain worm (Sewer)
  3 wights (D:6)
  A howler monkey (D:6)
  A jelly (Sewer)
  A bombardier beetle (D:4)
  3 hounds
  5 orc priests
  Crazy Yiuf (D:3)
  A sleepcap (D:4)
  4 iguanas
  Terence (D:3)
  2 orc wizards
  Natasha (twice) (D:3)
  7 adders
  4 shadow imps
  2 dart slugs
  A ribbon worm (D:2)
  20 orcs
  3 ball pythons
  9 endoplasms
  7 giant cockroaches
  8 goblins
  10 hobgoblins
  8 jackals
  3 quokkas
  4 bats (D:2)
  2 frilled lizards
  13 kobolds
  4 rats
148 creatures vanquished.

Notes
Turn   | Place    | Note
-------+----------+-------------------------------------------
     0 | D:1      | BubbleThief the Hill Orc Fighter began the quest for the
                  | Orb.
     0 | D:1      | Reached XP level 1. HP: 19/19 MP: 1/1
    17 | D:1      | Reached skill level 3 in Axes
    21 | D:1      | Reached XP level 2. HP: 27/27 MP: 2/2
    45 | D:1      | Found a faded altar of an unknown god.
   863 | D:2      | Reached skill level 4 in Axes
   863 | D:2      | Reached XP level 3. HP: 31/33 MP: 3/3
  1233 | D:2      | Reached XP level 4. HP: 41/41 MP: 4/4
  1351 | D:3      | Reached skill level 5 in Axes
  1454 | D:3      | Reached XP level 5. HP: 47/47 MP: 5/5
  1460 | D:3      | You fall into a shaft and drop 1 floor!
  1522 | D:4      | Found a staircase to the Ecumenical Temple.
  1535 | D:4      | Reached skill level 5 in Fighting
  1535 | D:4      | Reached skill level 6 in Axes
  1541 | Temple   | Entered the Ecumenical Temple
  1552 | Temple   | Became a worshipper of Makhleb the Destroyer
  1706 | D:4      | Reached XP level 6. HP: 51/56 MP: 6/6
  1826 | D:4      | Noticed a black bear
  1832 | D:4      | Killed a black bear
  1833 | D:4      | Reached skill level 7 in Axes
  1840 | D:4      | Noticed a steam dragon
  1846 | D:4      | Killed a steam dragon
  1847 | D:4      | Reached skill level 8 in Axes
  1847 | D:4      | Reached XP level 7. HP: 62/63 MP: 7/7
  1947 | D:3      | Noticed Natasha
  1954 | D:3      | Killed Natasha
  2051 | D:3      | Noticed Terence
  2057 | D:3      | Killed Terence
  2163 | D:3      | Noticed Natasha
  2166 | D:3      | Killed Natasha
  2345 | D:3      | Found a runed translucent door.
  2346 | D:3      | Noticed Crazy Yiuf
  2445 | D:3      | Killed Crazy Yiuf
  2800 | D:4      | Found a sparkling altar of Nemelex Xobeh.
  2866 | D:5      | Entered Level 5 of the Dungeon
  2882 | D:5      | Found a glowing drain.
  2896 | Sewer    | Entered a sewer
  2908 | Sewer    | Reached * piety under Makhleb
  2985 | Sewer    | Noticed Pargi
  2990 | Sewer    | Killed Pargi
  2991 | Sewer    | Reached skill level 9 in Axes
  3127 | D:5      | Reached XP level 8. HP: 58/73 MP: 8/8
  3235 | D:5      | Reached skill level 10 in Axes
  3284 | D:5      | Found a shimmering altar of Xom.
  3285 | D:5      | Found a shimmering blue altar of Sif Muna.
  3932 | D:6      | Reached skill level 11 in Axes
  4181 | D:6      | Reached skill level 12 in Axes
  4181 | D:6      | Reached XP level 9. HP: 60/82 MP: 9/9
  4318 | D:6      | Reached ** piety under Makhleb
  4573 | D:6      | Found Paitwusi's Weapon Shoppe.
  4601 | D:6      | Noticed Eustachio
  4615 | D:6      | Killed Eustachio
  4616 | D:6      | Reached skill level 13 in Axes
  4706 | D:6      | Found a glowing silver altar of Zin.
  5026 | D:7      | Shot with an arrow by an orc warrior

Illustrated notes

Levels and vault maps discovered:
D:1:      moated_graveyard_arrival, layout_basic, serial_forest,
          infiniplex_forest_straight_2, infiniplex_forest_clump_small,
          infiniplex_forest_straight_2, infiniplex_forest_clump_long,
          infiniplex_forest_split, chequers_ecumenical_altar_island, st_stairs_4
D:2:      layout_rooms
D:3:      layout_basic, uniq_natasha, uniq_terence, uniq_crazy_yiuf_cottage
D:4:      layout_gridville, nemelex_dance_club_becter,
          minmay_temple_entry_waves, hangedman_decor_points,
          nicolae_eternal_life
D:5:      layout_basic, chequers_temple_overflow_statue_of_worship,
          gup_sewer_entry_pipe, dk_noncrumbling_4
D:6:      layout_rooms, zin_statuary, serial_shops,
          nicolae_shop_bloodbath_and_beyond, uniq_eustachio
D:7:      layout_rooms, gammafunk_ghost_split, grunt_decor_arrowhead,
          the_hattery
Temple:   nicolae_temple_god_jail

Skill      XL: |  1  2  3  4  5  6  7  8  9 |
---------------+----------------------------+-----
Axes           | 3 4 5 6 8 9 12 13 | 13.6
Fighting       | 4 5 6 7 8 9 |  9.6
Armour         | |  3.2
Shields        | |  3.2

Action                     |  1- 3 |  4- 6 |  7- 9 || total
---------------------------+-------+-------+-------++-------
  Melee: War axe           |   155 |    66 |   103 ||   324
         Hand axe          |       |       |   138 ||   138
  Throw: Dart              |       |     2 |     4 ||     6
    Use: Potion            |       |       |     1 ||     1
 Armour: Scale mail        |    36 |    40 |   162 ||   238
  Dodge: Dodged            |    56 |    27 |    81 ||   164
  Block: Buckler           |    25 |    16 |    35 ||    76

Table legend: (Time is in decaauts)
 A = Elapsed time spent in this place.
 B = Non-inter-level travel time spent in this place.
 C = Inter-level travel time spent in this place.
 D = Time resting spent in this place.
 E = Time spent auto-exploring this place.
 F = Levels seen in this place.
 G = Mean time per level.
                   A        B        C        D        E       F      G
               +--------+--------+--------+--------+--------+-----+--------+
         Total |   5087 |   4891 |    196 |    324 |   3525 |   9 |  565.2 |
       Dungeon |   4853 |   4675 |    178 |    324 |   3375 |   7 |  693.3 |
        Temple |     20 |      2 |     18 |      0 |      0 |   1 |   20.0 |
         Sewer |    213 |    213 |      0 |      0 |    150 |   1 |  213.0 |
               +--------+--------+--------+--------+--------+-----+--------+

Top non-repeatable levels by time:
     D:5: 985 daAuts
     D:1: 900 daAuts
     D:6: 876 daAuts
     D:4: 784 daAuts
     D:3: 776 daAuts
     D:2: 469 daAuts
   Sewer: 213 daAuts
     D:7: 60 daAuts
  Temple: 20 daAuts
